 Dungeon Crawl Stone Soup version 0.29-a0-364-g921d912d32 (webtiles) character file.

Game seed: 9583738776225578771

43 ptdevnull the Skirmisher (level 3, -4/43 HPs)
             Began as a Formicid Abyssal Knight on Apr 30, 2022.
             Was a Priest of Lugonu.
             Slain by Grinder (6 damage)
             ... on level 3 of the Dungeon.
             The game lasted 00:02:52 (1511 turns).

ptdevnull the Skirmisher (Formicid Abyssal Knight)  Turns: 1511, Time: 00:02:53

Health: -4/43      AC: 21    Str: 19    XL:     3   Next: 82%
Magic:  4/4        EV:  2    Int:  9    God:    Lugonu [***...]
Gold:   44         SH:  0    Dex: 11    Spells: 2/2 levels left

rFire   . . .      SeeInvis .   a - +1 spear
rCold   . . .      Faith    .   (no shield)
rNeg    . . .      Spirit   .   (body armour currently unavailable)
rPois   +          Reflect  .   (helmet unavailable)
rElec   .          Harm     .   (cloak currently unavailable)
rCorr   .          Rampage  .   (gloves currently unavailable)
Will    .....                   (boots currently unavailable)
Stlth   +.........              (no amulet)
HPRegen 0.14/turn               (no ring)
MPRegen 0.09/turn               (no ring)

@: tree-form
A: stationary, stasis, torment immunity, boosted hp, permanent stasis, dig
shafts and tunnels, (antennae 3), four strong arms
a: Renounce Religion, Depart the Abyss, Bend Space, Banish


You were on level 3 of the Dungeon.
You worshipped Lugonu.
Lugonu was most pleased with you.
You were a tree.
You visited 1 branch of the dungeon, and saw 3 of its levels.
You visited the Abyss 1 time.

You collected 44 gold pieces.

Inventory:

Hand Weapons
 a - a +1 spear (weapon)
Missiles
 f - 5 boomerangs
Armour
 g - a +0 plate armour (melded)
Scrolls
 c - a scroll of acquirement {unknown}
 h - a scroll of brand weapon {unknown}
 i - a scroll of identify
 l - a scroll of amnesia {unknown}
 q - a scroll of enchant armour {unknown}
Potions
 b - a potion of haste {unknown}
 d - a potion of attraction {unknown}
 e - a potion of magic {unknown}
 j - a potion of lignification
 k - a potion of might {unknown}
 m - a potion of heal wounds {unknown}
 n - a potion of degeneration {unknown}
 o - a potion of brilliance {unknown}
 p - a potion of curing {unknown}


   Skills:
 - Level 3.6 Fighting
 * Level 3.5 Polearms
 - Level 2.1 Armour
 - Level 0.8 Dodging
 - Level 2.1 Invocations


You had 2 spell levels left.
You didn't know any spells.
Your spell library was empty.

Dungeon Overview and Level Annotations

Branches:
Dungeon (3/15)

Altars:

Annotations:
D:3 Grinder


Innate Abilities, Weirdness & Mutations

You are a tree.
Your roots penetrate the ground, keeping you stationary.
You cannot be teleported.
You are immune to unholy pain and torment.
Your maximum health is greatly increased.
Your equipment is partially melded.
You cannot be hasted, slowed, berserked, paralysed or teleported.
You can dig through walls and to a lower floor.
((You have a pair of large antennae on your head. (SInv)))
Your four strong arms can wield two-handed weapons with a shield.


Message History

Grinder is moderately wounded.
Grinder hits you.
You writhe in agony.
You hit Grinder.
Grinder is moderately wounded.
Grinder hits you.
* * * LOW HITPOINT WARNING * * *
You writhe in agony.
* * * LOW HITPOINT WARNING * * *
You barely miss Grinder.
Grinder is moderately wounded.
Grinder hits you but does no damage.
You completely miss Grinder.
Grinder is moderately wounded.
Grinder blinks!
You puncture Grinder!
Grinder is heavily wounded.
Grinder hits you but does no damage.
You hit Grinder.
Grinder is severely wounded.
Grinder gestures at you.
Your stasis prevents you from being paralysed.
You closely miss Grinder.
Grinder is severely wounded.
Grinder hits you.
* * * LOW HITPOINT WARNING * * *
You writhe in agony.
* * * LOW HITPOINT WARNING * * *
You closely miss Grinder.
Grinder is severely wounded.
Grinder hits you but does no damage.
You hit Grinder.
Grinder is severely wounded.
Grinder hits you but does no damage.
You closely miss Grinder.
Grinder is severely wounded.
Grinder hits you but does no damage.
You hit Grinder but do no damage.
Grinder is severely wounded.
Grinder hits you.
You die...

#.....#
######<)..#
#....)...##
#.####.### #.#
#.# #.# #.#
#.# #.# #5#
#.# #♣# #.#
..........!..#
...####.######
#.# ..# ###


You could see Grinder.

Vanquished Creatures
  2 dart slugs
  5 orcs
  2 ball pythons (D:1)
  4 endoplasms
  2 goblins (D:1)
  6 hobgoblins
  2 kobolds
  2 quokkas (D:2)
  A bat (D:1)
  2 frilled lizards
  2 rats (D:1)
30 creatures vanquished.

Notes
Turn   | Place    | Note
-------+----------+-------------------------------------------
     0 | Abyss:1  | ptdevnull the Formicid Abyssal Knight began the quest for
                  | the Orb.
     0 | Abyss:1  | Reached XP level 1. HP: 18/18 MP: 2/2
    11 | D:1      | Escaped the Abyss
   157 | D:1      | Reached XP level 2. HP: 24/24 MP: 3/3
   726 | D:2      | Reached XP level 3. HP: 26/29 MP: 4/4
  1148 | D:2      | Reached *** piety under Lugonu
  1495 | D:3      | Noticed Grinder
  1507 | D:3      | HP: 2/43 [Grinder (2)]
  1511 | D:3      | Slain by Grinder

Illustrated notes

Levels and vault maps discovered:
D:1:      dpeg_arrival_more_subterranean_lakeside_camping, layout_rooms,
          minmay_misc_feat_five, minmay_curled_crystal
D:2:      layout_basic
D:3:      mumra_celtic_spiral_tile, layout_loops_ring,
          shapermc_ecumenical_altar_venn, gup_sewer_entry_bubbles,
          minmay_misc_feat_square, uniq_jessica, uniq_robin, uniq_grinder

Skill      XL: |  1  2  3 |
---------------+----------+-----
Polearms       | 3 |  3.5
Fighting       | |  3.6
Armour         | |  2.1
Dodging        | |  0.8
Invocations    | |  2.1

Action                   || total
-------------------------++-------
Melee: Spear             ||   129
  Use: Scroll            ||     1
       Potion            ||     1
Armor: Leather armour    ||     3
       Plate armour      ||    56
       Skin              ||     6
Dodge: Dodged            ||    22

Table legend: (Time is in decaauts)
 A = Elapsed time spent in this place.
 B = Non-inter-level travel time spent in this place.
 C = Inter-level travel time spent in this place.
 D = Time resting spent in this place.
 E = Time spent auto-exploring this place.
 F = Levels seen in this place.
 G = Mean time per level.
                   A        B        C        D        E       F      G
               +--------+--------+--------+--------+--------+-----+--------+
         Total |   1506 |   1482 |     24 |    245 |    954 |   4 |  376.5 |
       Dungeon |   1495 |   1471 |     24 |    245 |    952 |   3 |  498.3 |
         Abyss |     11 |     11 |      0 |      0 |      2 |   1 |   11.0 |
               +--------+--------+--------+--------+--------+-----+--------+

Top non-repeatable levels by time:
     D:2: 910 daAuts
     D:1: 538 daAuts
     D:3: 46 daAuts
 Abyss:1: 11 daAuts
